 Dungeon Crawl Stone Soup version 0.29-a0-887-gcbe080d7e0 (webtiles) character file.

Game seed: 17850658757016439489

27 zeratav the Stinger (level 3, 0/21 HPs)
             Began as an Octopode Venom Mage on July 21, 2022.
             Killed from afar by a white imp (4 damage)
             ... with a puff of frost
             ... summoned by Natasha
             ... on level 2 of the Dungeon.
             The game lasted 00:01:31 (1745 turns).

zeratav the Stinger (Octopode Venom Mage)           Turns: 1745, Time: 00:01:32

Health: 0/21       AC:  1    Str:  7    XL:     3   Next: 10%
Magic:  6/6        EV: 13    Int: 19    God:
Gold:   73         SH:  0    Dex: 12    Spells: 5/6 levels left

rFire   . . .      SeeInvis .   k - +0 dagger (drain) {short}
rCold   . . .      Faith    .   (no shield)
rNeg    . . .      Spirit   .   (helmet restricted)
rPois   .          Reflect  .   (no amulet)
rElec   .          Harm     .   (no ring)
rCorr   .          Rampage  .   (no ring)
Will    .....                   (no ring)
Stlth   +++.......              (no ring)
HPRegen 0.07/turn               (no ring)
MPRegen 0.10/turn               (no ring)
                                (no ring)
                                (no ring)

@: no status effects
A: almost no armour, amphibious, 8 rings, camouflage 1, gelatinous body 1,
(nimble swimmer 1), tentacles
a: no special abilities


You were on level 2 of the Dungeon.
You visited 1 branch of the dungeon, and saw 2 of its levels.

You collected 73 gold pieces.


Innate Abilities, Weirdness & Mutations

You cannot wear most types of armour.
You are amphibious.
You can wear up to eight rings at the same time.
Your skin changes colour to match your surroundings (Stealth+).
Your rubbery body absorbs attacks. (AC +1, EV +1)
((You are camouflaged when in or above water. (Stealth+)))
You have tentacles for arms and can constrict up to eight enemies at once.


   Skills:
 - Level 2.0 Dodging
 + Level 4.0 Stealth
 - Level 2.0 Spellcasting
 - Level 1.0 Transmutations
 + Level 4.4 Poison Magic


You had 5 spell levels left.
You knew the following spells:

 Your Spells              Type           Power      Damage    Failure   Level
a - Sting                 Tmut/Pois      48%        1d5       5%          1

Your spell library contained the following spells:

 Spells                   Type           Power      Damage    Failure   Level
 Poisonous Vapours        Pois/Air       20%        N/A       11%         2
 Spider Form              Tmut/Pois      12%        N/A       17%         3
 Ensorcelled Hibernation  Hex/Ice        2%         N/A       26%         2
 Mephitic Cloud           Conj/Pois/Air  7%         N/A       28%         3
 Olgreb's Toxic Radiance  Pois           18%        N/A       28%         4
 Anguish                  Hex/Necr       0%         N/A       86%         4
 Fireball                 Conj/Fire      0%         3d3       99%         5
 Iskenderun's Battlesphe  Conj           1%         2d6       99%         5
 Conjure Ball Lightning   Conj/Air       0%         3x3d6     100%        6
 Orb of Destruction       Conj           0%         9d5       100%        7

Inventory:

Hand Weapons
 k - a +0 dagger of draining (weapon) {short}
   (You found it on level 1 of the Dungeon)
Scrolls
 b - a scroll of amnesia {unknown}
 j - a scroll of summoning {unknown}
Potions
 a - a potion of magic
 e - a potion of flight {unknown}
 f - a potion of brilliance {unknown}
 g - a potion of degeneration {unknown}
 h - a potion of lignification {unknown}
 i - a potion of might {unknown}

Dungeon Overview and Level Annotations

Branches:
Dungeon (2/15) Zot: 10245

Altars:

Annotations:
D:2 Natasha

## ## ...5 ###
#h#. .. #.#. .#
#5.g##.###
#........# ##
.###.#...:..#...
.....B..5.....#
####.#..@...###
#..<...#
#.##.### #. .#
#. .. ## ###


You could see Natasha, a crimson imp (summoned), a white imp (summoned), a
shadow imp (summoned), a giant cockroach and a hobgoblin.


Message History

No target in view!
No target in view!
A giant cockroach comes into view.
The giant cockroach bites you but does no damage.
You closely miss the giant cockroach. You grab the giant cockroach.
You constrict the giant cockroach, but do no damage.
The giant cockroach closely misses you.
You hit the giant cockroach but do no damage.
You constrict the giant cockroach, but do no damage.
The giant cockroach barely misses you.
You hit the giant cockroach but do no damage.
You drain the giant cockroach.
You constrict the giant cockroach, but do no damage.
The giant cockroach bites you.
The giant cockroach waves its antennae.
The giant cockroach misses you.
HP[-1]
You take 1 damage, and now have 20/21 hp.
You hit the giant cockroach.
You kill the giant cockroach!
Your Stealth skill increases to level 4!
No target in view!
No target in view!
No target in view!
No target in view!
No target in view!
No target in view!
No target in view!
No target in view!
No target in view!
No target in view!
No target in view!
No target in view!
No target in view!
No target in view!
No target in view!
No target in view!
No target in view!
No target in view!
No target in view!
No target in view!
No target in view!
No target in view!
No target in view!
A bat comes into view.
HP[+1]
Your hp is fully restored (21).
A bat is nearby!
The helpless bat fails to defend itself.
You puncture the bat!
You kill the bat!
No target in view!
No target in view!
No target in view!
No target in view!
No target in view!
No target in view!
No target in view!
No target in view!
No target in view!
No target in view!
The floating eye turns its gaze towards you.
Done exploring.
Done exploring.
Done exploring.
(D) Dungeon
Where to? (Enter - D:1, ? - help)
There is a stone staircase leading down here.
You climb downwards.
Natasha hisses angrily.
Natasha mumbles some strange words.
A shadow imp comes into view.
There is a stone staircase leading up here.
There are monsters nearby!
A giant cockroach comes into view.
Natasha wildly gestures.
Natasha's front paws start to glow.
Natasha mumbles some strange words.
The hobgoblin shouts!
You hit the shadow imp but do no damage.
Your grab misses the shadow imp. Your squeeze misses the shadow imp.
Natasha mumbles some strange words.
The shadow imp hits you. The white imp gestures at you.
The puff of frost hits you!
Ouch! That really hurt!
* * * LOW HITPOINT WARNING * * *
You are too injured to fight recklessly!
You are too injured to fight recklessly!
You are too injured to fight recklessly!
HP[-12]
You take 12 damage, and now have 9/21 hp.
MASSIVE DAMAGE!! (PAUSE)
You are too injured to fight recklessly!
Natasha stares at you and mumbles some strange words.
The magic dart hits you.
* * * LOW HITPOINT WARNING * * *
The white imp gestures at you. The puff of frost hits you.
You die...

Skill      XL: |  1  2  3 |
---------------+----------+-----
Stealth        | 3 4 |  4.0
Poison Magic   | 4 |  4.4
Dodging        | |  2.0
Spellcasting   | |  2.0
Transmutations | |  1.0

Action                   || total
-------------------------++-------
Melee: Club              ||    35
       Constrict         ||    10
       Tentacles         ||     8
       Punch             ||     1
       Dagger            ||     7
 Cast: Sting             ||     8
 Stab: Sleeping          ||     7
Armor: Skin              ||     3
Dodge: Dodged            ||    34

Levels and vault maps discovered:
D:1:      elethiomel_arrival_maze, layout_loops_ring,
          hellmonk_ecumenical_altar_watching_god, minmay_domino_4
D:2:      layout_loops_ring, uniq_natasha

Notes
Turn   | Place    | Note
-------+----------+-------------------------------------------
     0 | D:1      | zeratav the Octopode Venom Mage began the quest for the
                  | Orb.
     0 | D:1      | Reached XP level 1. HP: 11/11 MP: 3/3
     0 | D:1      | magus.rc [v1.9.6]
   100 | D:1      | Noticed a shining eye
   102 | D:1      | Found a faded altar of an unknown god.
   105 | D:1      | Noticed a shining eye
   105 | D:1      | Noticed a great orb of eyes
   105 | D:1      | Noticed a floating eye
   214 | D:1      | Reached skill level 3 in Stealth
   379 | D:1      | You fall into a shaft and drop 1 floor!
   518 | D:2      | Reached skill level 4 in Poison Magic
   518 | D:2      | Reached XP level 2. HP: 17/17 MP: 5/5
   746 | D:1      | HP: 2/17 [kobold/+0 club (5)]
  1041 | D:1      | You pick up a book of Dreams and begin reading...
  1041 | D:1      | You add the spells Ensorcelled Hibernation, Spider Form and
                  | Anguish to your library.
  1118 | D:1      | You pick up a book of the Spheres and begin reading...
  1118 | D:1      | You add the spells Iskenderun's Battlesphere, Fireball,
                  | Conjure Ball Lightning and Orb of Destruction to your
                  | library.
  1219 | D:1      | Reached XP level 3. HP: 15/21 MP: 6/6
  1529 | D:1      | Reached skill level 4 in Stealth
  1741 | D:2      | Noticed Natasha
  1745 | D:2      | HP: 4/21 [Natasha/magic dart (6)]
  1745 | D:2      | Killed from afar by a white imp

Vanquished Creatures
  2 dart slugs
  2 endoplasms (D:1)
  2 giant cockroaches (D:1)
  A goblin (D:1)
  2 hobgoblins
  A kobold (D:1)
  4 quokkas (D:1)
  A ball python (D:1)
  2 bats (D:1)
  A frilled lizard (D:1)
  3 rats (D:1)
21 creatures vanquished.

Table legend:
 A = Non-vault XP
 B = Vault XP
 C = Vault XP percentage of total XP
 D = Non-vault monster count
 E = Vault monster count
 F = Vault count percentage of total count
                 A         B        C        D         E       F
            +---------+---------+-------+---------+---------+-------
      Total |      32 |       7 |  17.9 |      17 |       4 |  19.0
            +---------+---------+-------+---------+---------+-------
        D:1 |      26 |       7 |  21.2 |      15 |       4 |  21.1
        D:2 |       6 |       0 |   0.0 |       2 |       0 |   0.0
            +---------+---------+-------+---------+---------+-------

Illustrated notes

Table legend:
 A = Kills in this place as a percentage of kills in entire the game.
 B = Kills by you in this place as a percentage of kills by you in the entire game.
 C = Kills by friends in this place as a percentage of kills by friends in the entire game.
 D = Other kills in this place as a percentage of other kills in the entire game.
 E = Experience gained in this place as a percentage of experience gained in the entire game.
 F = Experience gained in this place divided by the number of levels of this place that you have seen.
                   A       B       C       D       E      F
               +-------+-------+-------+-------+-------+----------------------
         Total | 100.0 | 100.0 |   N/A |   N/A | 100.0 |  19.5
       Dungeon | 100.0 | 100.0 |   N/A |   N/A | 100.0 |  19.5
               +-------+-------+-------+-------+-------+----------------------

Table legend: (Time is in decaauts)
 A = Elapsed time spent in this place.
 B = Non-inter-level travel time spent in this place.
 C = Inter-level travel time spent in this place.
 D = Time resting spent in this place.
 E = Time spent auto-exploring this place.
 F = Levels seen in this place.
 G = Mean time per level.
                   A        B        C        D        E       F      G
               +--------+--------+--------+--------+--------+-----+--------+
         Total |   1753 |   1715 |     38 |    279 |   1259 |   2 |  876.5 |
       Dungeon |   1753 |   1715 |     38 |    279 |   1259 |   2 |  876.5 |
               +--------+--------+--------+--------+--------+-----+--------+

Top non-repeatable levels by time:
     D:1: 1584 daAuts
     D:2: 168 daAuts
